 Dungeon Crawl Stone Soup version 0.26-a0-1025-g006ef2cfcc (webtiles) character file.

Game seed: 3664709369260213156

407506 Morbidden the Black Belt (level 22, 0/260 HPs)
             Began as a Red Draconian Brigand on Dec 8, 2020.
             Was the Champion of Qazlal.
             Slain by a vampire knight
             ... wielding a +0 battleaxe
              (17 damage)
             ... while paralysed by a vampire knight
             ... on level 2 of the Crypt on Dec 9, 2020.
             The game lasted 02:25:26 (67589 turns).

Morbidden the Black Belt (Red Draconian Brigand)   Turns: 67589, Time: 02:25:26

Health: 0/260      AC: 36    Str: 14    XL:     22   Next: 68%
Magic:  0/39       EV:  2    Int: 26    God:    Qazlal [******]
Gold:   2841       SH:  0    Dex: 15    Spells: 31/48 levels left

rFire    + . .     SeeInvis .     - Unarmed
rCold    + + .     Faith    .   (no shield)
rNeg     + . .     Spirit   +   (armour unavailable)
rPois    ∞         Reflect  .   (helmet restricted)
rElec    +         Harm     .   A - +1 cloak of Starlight {rElec rC+ EV+4 Stlth--}
rCorr    .         Rampage  .   (gloves currently unavailable)
Will     +....                  (boots currently unavailable)
Stlth    +.........             r - brooch of Shielding {Spirit SH+8}
HPRegen  0.53/turn              Z - ring "Ushugaurri" {rC+ Int+7}
MPRegen  0.26/turn              R - +4 ring of protection

@: paralysed, statue-form, protected from physical damage, slowed, studying
Transmutations, lightly drained, repel missiles
A: (breathe fire), unfitting armour, deterioration 1, fire resistance 1,
cold-blooded, AC +11
}: 1/15 runes: serpentine
a: End Transformation, Upheaval, Elemental Force, Disaster Area, Renounce
Religion


You were on level 2 of the Crypt.
You worshipped Qazlal.
Qazlal was exalted by your worship.
You were a stone statue.
You visited 8 branches of the dungeon, and saw 40 of its levels.
You visited the Abyss 1 time.
You also visited: Ice Cave and Volcano.

You collected 5107 gold pieces.
You spent 2266 gold pieces at shops.

Inventory:

Missiles
 a - 76 boomerangs
 c - 97 poisoned darts
 d - 2 curare-tipped darts
 y - 56 javelins (quivered)
 L - 9 throwing nets
 X - 15 silver javelins
Armour
 n - a +2 pair of gloves of archery (melded)
 A - the +1 cloak of Starlight (worn) {rElec rC+ EV+4 Stlth--}
   (You found it on level 4 of the Dungeon)

   It affects your evasion (+4).
   It protects you from cold.
   It insulates you from electricity.
   It makes you much less stealthy.
 E - a +0 tower shield of protection
 S - the +1 pair of boots "Onkaup Womeu" (melded) {rC+}
   (You found it in a volcano)

   It protects you from cold.
Jewellery
 r - the brooch of Shielding (around neck) {Spirit SH+8}
   (You bought it in a shop on level 2 of the Vaults)

   [amulet of guardian spirit]

   It causes incoming damage to be split between your health and magic.
   It affects your SH (+8).
 w - an uncursed ring of protection from fire
 C - a +4 ring of slaying
 D - an uncursed amulet of magic regeneration
 Q - an uncursed ring of ice
 R - a +4 ring of protection (right hand)
 W - an uncursed ring of protection from cold
 Z - the ring "Ushugaurri" (left hand) {rC+ Int+7}
   (You found it on level 3 of the Vaults)

   [ring of protection from cold]

   It affects your intelligence (+7).
   It protects you from cold.
Wands
 G - a wand of acid (24)
 I - a wand of flame (49)
 M - a wand of disintegration (1)
 U - a wand of paralysis (24)
 V - a wand of iceblast (19)
Scrolls
 j - 11 scrolls of amnesia
 k - 2 scrolls of fog
 t - 7 scrolls of enchant armour
 u - 4 scrolls of magic mapping
 z - 6 scrolls of fear
 B - a scroll of teleportation
 H - 5 scrolls of immolation
 N - 4 scrolls of enchant weapon
 O - 9 scrolls of remove curse
 P - 3 scrolls of identify
Potions
 b - a potion of magic
 e - 18 potions of lignification
 f - 4 potions of flight {unknown}
 g - a potion of invisibility {unknown}
 h - 6 potions of resistance
 i - 11 potions of haste
 l - 11 potions of curing
 m - 2 potions of cancellation
 o - 9 potions of ambrosia
 p - 6 potions of mutation
 q - 3 potions of heal wounds
 v - 9 potions of brilliance {unknown}
 x - 7 potions of attraction {unknown}
 F - 7 potions of might {unknown}
 Y - 3 potions of berserk rage {unknown}
Books
 K - a manual of Transmutations
Miscellaneous
 s - a condenser vane
 J - a box of beasts


   Skills:
 * Level 17.5(17.2) Fighting
 + Level 5.4(5.1) Short Blades
 + Level 6.9(6.7) Throwing
 * Level 14.5(14.2) Dodging
 + Level 5.2(5.0) Stealth
 + Level 16.5(16.3) Shields
 + Level 18.0(17.8) Unarmed Combat
 * Level 13.5(13.2) Spellcasting
 * Level 14.6(14.4) Transmutations
 + Level 7.7(7.4) Earth Magic
 * Level 14.7(14.4) Invocations
 + Level 1.8(1.6) Evocations


You had 31 spell levels left.
You knew the following spells:

 Your Spells              Type           Power        Failure   Level
a - Dragon Form           Tmut           #######...   8%          7
b - Statue Form           Tmut/Erth      ######...    5%          6
c - Petrify               Tmut/Erth      ######..     1%          4

Your spell library contained the following spells:

 Spells                   Type           Power        Failure   Level
 Beastly Appendage        Tmut           ######       0%          1
 Wereblood                Tmut           #######.     0%          2
 Sandblast                Erth           ######       1%          1
 Sting                    Tmut/Pois      ####         1%          1
 Passwall                 Tmut/Erth      ######..     1%          2
 Ignite Poison            Fire/Tmut/Pois #####...     1%          3
 Ice Form                 Ice/Tmut       ######..     1%          4
 Blade Hands              Tmut           #######...   1%          5
 Hydra Form               Tmut           #######...   1%          6
 Stone Arrow              Conj/Erth      #####.       2%          3
 Animate Skeleton         Necr           ###...       3%          1
 Apportation              Tloc           ###...       3%          1
 Corona                   Hex            ###....      3%          1
 Magic Dart               Conj           ###.         3%          1
 Summon Small Mammal      Summ           ###.         3%          1
 Blink                    Tloc           N/A          4%          2
 Call Imp                 Summ           ###.....     4%          2
 Corpse Rot               Necr/Air       N/A          4%          2
 Ensorcelled Hibernation  Hex/Ice        ###...       4%          2
 Searing Ray              Conj           ###...       4%          2
 Slow                     Hex            ###.....     4%          2
 Sublimation of Blood     Necr           ###.......   4%          2
 Alistair's Intoxication  Tmut/Pois      ######...    4%          5
 Irradiate                Conj/Tmut      ######....   4%          5
 Lee's Rapid Deconstruct  Erth           ######....   4%          5
 Yara's Violent Unravell  Hex/Tmut       ######....   4%          5
 Leda's Liquefaction      Hex/Erth       #####.....   7%          4
 Call Canine Familiar     Summ           ###.....     10%         3
 Confusing Touch          Hex            ###.....     10%         3
 Conjure Flame            Conj/Fire      ###.....     10%         3
 Dazzling Flash           Conj/Hex       ###...       10%         3
 Gell's Gravitas          Tloc           ###.......   10%         3
 Inner Flame              Hex/Fire       ###.....     10%         3
 Lesser Beckoning         Tloc           ###.......   10%         3
 Mephitic Cloud           Conj/Pois/Air  ###.....     10%         3
 Portal Projectile        Hex/Tloc       ###...       10%         3
 Static Discharge         Conj/Air       ###.....     10%         3
 Summon Guardian Golem    Hex/Summ       ###.....     10%         3
 Teleport Other           Tloc           ###.....     10%         3
 Tukima's Dance           Hex            ###.....     10%         3
 Eringya's Noxious Bog    Tmut/Pois      ######....   26%         6
 Cause Fear               Hex            ###.......   32%         4
 Dispel Undead            Necr           ###.....     32%         4
 Fulminant Prism          Conj/Hex       ###.......   32%         4
 Iskenderun's Mystic Bla  Conj/Tloc      ###.....     32%         4
 Olgreb's Toxic Radiance  Pois           ###.....     32%         4
 Sticky Flame             Conj/Fire      ###.....     32%         4
 Summon Ice Beast         Ice/Summ       ###.....     32%         4
 Summon Lightning Spire   Summ/Air       ###.....     32%         4
 Bolt of Magma            Conj/Fire/Erth ####......   32%         5
 Agony                    Necr           ###.....     67%         5
 Excruciating Wounds      Necr           ###.......   67%         5
 Lightning Bolt           Conj/Air       ###.......   67%         5
 Metabolic Englaciation   Hex/Ice        ###.......   67%         5
 Silence                  Hex/Air        ###.......   67%         5
 Dispersal                Tloc           ###.......   99%         6
 Freezing Cloud           Conj/Ice/Air   ###.......   99%         6
 Invisibility             Hex            ###.....     99%         6
 Summon Hydra             Summ           ###.......   100%        7
 Disjunction              Tloc           ###.......   100%        8
 Ignition                 Fire           ###.......   100%        8
 Shatter                  Erth           ######....   100%        9
 Tornado                  Air            ###.......   100%        9


Dungeon Overview and Level Annotations

Branches:
Dungeon (15/15)            Temple (0/1) D:5            Lair (6/6) D:10
 Shoals (4/4) Lair:4        Snake (4/4) Lair:4        Slime (0/5) Lair:6
    Orc (2/2) D:12            Elf (3/3) Orc:2        Vaults (4/5) D:13
  Crypt (2/3) Vaults:3     Depths (0/5) D:15          IceCv (visited)
Volcano (visited)

Altars:
Ashenzari
Dithmenos
Elyvilon
Fedhas
Hepliaklqana
Kikubaaqudgha
Makhleb
Qazlal
Ru
Sif Muna
Trog
Uskayaw
Vehumet
Xom
Yredelemnul
Zin
The Shining One
Beogh
Jiyva

Shops:
D:11 =   Orc:1 *   Orc:2 !=}*   Elf:1 **=(!   Elf:2 :   Shoals:2 ?
Vaults:2 =(

Annotations:
Shoals:4 Polyphemus
Snake:3 2 transporters, exclusion: obsidian statue
Orc:1 2 transporters, confidenceinterval's ghost, journeyman GnHu
Elf:1 1 transporter, Eheximeo's ghost, adept GnBe
Elf:2 3 runed translucent doors
Vaults:2 8 runed translucent doors, Acleikk's ghost, adept GrEE


Innate Abilities, Weirdness & Mutations

((You can breathe blasts of fire.))
((Your fiery red scales are hard. (AC +11)))
You cannot fit into any form of body armour.
Your flesh is heat resistant. (rF+)
You are cold-blooded and may be slowed by cold attacks.
Your body sometimes deteriorates upon taking damage.


Message History

The spectral frost giant hits you but does no damage.
Something hits you!
* * * LOW HITPOINT WARNING * * *
You feel more protected from physical attacks.
Something bites you but does no damage. Something hits you!
* * * LOW HITPOINT WARNING * * *
Something drains your vigour!
You feel as though you will be slow longer.
An eidolon comes into view.
The revenant blinks!
The vampire casts a spell at you. You resist with almost no effort.
The spectral frost giant hits you but does no damage.
Something hits you but does no damage. Something bites you but does no damage.
Something hits you but does no damage. x2
The vampire hits you but does no damage.
The vampire bites you but does no damage.
The spectral frost giant completely misses you.
Something hits you!!
You die...

..#.... ○.#☼...
○°☼○... °.○○...
W°☼○... #######''#....
...# #....○○LZ..#''
...# #...VL{)...'..
...# #....8☼§W..'..
...# #..☼°.ZM...'..
...## ##....§....###
....## #####'''##'''##
.....####.)))...##...#
......'....).........#
......((..)..........#
......'...###........#
......##### #++###...#


You could see 2 revenants, an eidolon, a freezing wraith (summoned), a spectral
ice dragon (summoned), a spectral frost giant (summoned), a vampire (summoned)
and a mummy (summoned).

Vanquished Creatures
  Khufu (Crypt:1)
  Frederick (Crypt:1)
  Vashnia (Snake:2)
  Jory (Crypt:1)
  Jorgrun (D:15)
  An Ice Fiend (IceCv)
  A lich (Crypt:1)
  Asterion (Elf:1)
  2 deep elf blademasters (Elf:3)
  2 deep elf master archers (Elf:3)
  Frances (Shoals:2)
  3 ancient champions
  Agnes (Snake:1)
  Roxanne (Snake:1)
  A kraken (Shoals:2)
  A revenant (Crypt:2)
  Kirke (D:13)
  A shadow dragon (Vaults:3)
  3 fire giants
  Donald (Snake:3)
  Aizul (Snake:3)
  8 nagarajas
  5 deep elf sorcerers
  2 frost giants
  10 vault wardens
  An orc warlord (Elf:2)
  Louise (Snake:1)
  7 ghouls
  5 deep elf elementalists
  8 stone giants
  8 ironheart preservers
  A dire elephant (Lair:6)
  3 vampire knights
  3 deep elf demonologists
  Azrael (Orc:2)
  An entropy weaver (Vaults:4)
  3 merfolk javelineers
  6 deep elf annihilators
  6 deep elf death magi
  An eidolon (Crypt:2)
  An ettin (Orc:2)
  Snorg (D:14)
  2 fire dragons
  4 deep elf high priests (Elf:3)
  4 merfolk impalers
  4 yaktaur captains
  8 vault guards
  A quicksilver dragon skeleton (Crypt:2)
  5 boulder beetles
  12 hydras
  4 ice dragons
  2 rakshasas
  15 naga warriors
  A great orb of eyes (Vaults:2)
  2 merfolk avatars
  4 catoblepae
  2 merfolk aquamancers (Shoals:3)
  A satyr (Shoals:3)
  33 two-headed ogres
  16 dancing weapons
  3 death knights
  8 anacondas
  11 ogre magi
  A deep troll shaman (D:13)
  A vampire mage (Crypt:1)
  7 centaur warriors
  A deep troll earth mage (Vaults:1)
  21 death yaks
  21 naga sharpshooters
  Urug (D:10)
  4 orc high priests
  A shock serpent (shapeshifter) (Vaults:4)
  A hell knight (Volcano)
  19 deep elf knights
  7 shock serpents
  2 titan skeletons (Crypt:2)
  2 salamander mystics
  12 skeletal warriors
  A large abomination (Elf:3)
  11 shadow wraiths
  A storm dragon skeleton (Crypt:1)
  8 sea snakes
  2 unseen horrors
  2 glowing orange brains (Vaults:3)
  2 quicksilver dragon simulacra (Crypt:1)
  15 deep trolls
  3 flayed ghosts
  6 naga ritualists
  3 bog bodies (Crypt:1)
  2 wizards
  3 lindwurms
  19 deep elf archers
  Pikel (D:5)
  A swamp dragon (Lair:6)
  6 phantasmal warriors
  25 harpies
  10 ironbrand convokers
  A golden dragon skeleton (Crypt:1)
  3 necromancers
  4 wolf spiders
  10 mana vipers
  24 orc knights
  54 deep elf magi
  An oklob plant (Lair:2)
  A wolf spider zombie (Crypt:2)
  5 orc sorcerers
  A sphinx skeleton (Crypt:1)
  A wolf spider (shapeshifter) (Vaults:1)
  7 fauns
  17 ugly things
  9 manticores
  13 salamanders
  5 guardian serpents
  13 cyclopes
  2 fire giant skeletons
  2 dire elephant zombies
  9 merfolk sirens
  Maurice (D:9)
  8 elephants
  2 centaur zombies
  5 water nymphs
  15 naga magi
  A titan simulacrum (Crypt:1)
  An apocalypse crab (Abyss:2)
  40 black mambas
  3 torpor snails
  9 vault sentinels
  A molten gargoyle (Volcano)
  4 gargoyles
  2 ice statues (Elf:1)
  Maggie (D:6)
  10 rime drakes
  8 cane toads
  3 storm dragon simulacra (Crypt:1)
  18 freezing wraiths
  2 kobold demonologists
  24 yaktaurs
  7 ice devils (IceCv)
  12 komodo dragons
  5 anaconda simulacra
  A green draconian skeleton (Crypt:1)
  17 trolls
  A tengu conjurer (D:13)
  35 merfolk
  4 polar bears
  A golden dragon simulacrum (IceCv)
  5 wind drakes
  2 shadow dragon simulacra (Crypt:1)
  A wolf spider simulacrum (Crypt:1)
  A queen bee (shapeshifter) (Elf:1)
  A hornet (D:15)
  Grinder (D:4)
  17 dream sheep
  3 iron dragon simulacra (Crypt:1)
  30 slime creatures
  25 blink frogs
  5 snapping turtles
  2 human simulacra
  2 redbacks (Vaults:4)
  5 air elementals
  A satyr skeleton (Crypt:1)
  A shock serpent simulacrum (Crypt:1)
  7 wraiths
  13 water elementals
  5 dire elephant simulacra
  53 yaks
  6 flying skulls
  2 wyverns
  4 shadows
  An ettin skeleton (Crypt:1)
  Eustachio (D:4)
  6 fire elementals
  6 basilisks
  3 vampires
  10 fire bats
  2 death yak simulacra (IceCv)
  5 hogs
  6 vampire mosquitoes
  3 steam dragons
  A two-headed ogre zombie (Crypt:1)
  An iron troll simulacrum (IceCv)
  8 wargs
  4 acid dragons
  4 harpy simulacra
  71 nagas
  A deep troll zombie (Crypt:1)
  An acid dragon (shapeshifter) (Vaults:2)
  3 hydra simulacra
  20 water moccasins
  A hell hound (Orc:2)
  49 orc warriors
  A necrophage (D:10)
  4 phantoms
  3 black bears
  2 ettin simulacra
  4 ice beasts
  8 sky beasts
  A black bear (shapeshifter) (Vaults:1)
  A manticore zombie (Crypt:2)
  An alligator simulacrum (Crypt:1)
  18 wolves
  A dream sheep zombie (Crypt:1)
  An eye of draining (D:14)
  8 boggarts
  22 centaurs
  2 lemures (D:5)
  40 ogres
  A yaktaur zombie (Crypt:1)
  2 small abominations
  5 big kobolds
  17 bullfrogs
  A wyvern zombie (D:7)
  2 earth elementals
  A merfolk simulacrum (Crypt:1)
  A wyvern skeleton (D:9)
  6 scorpions
  8 killer bees
  2 manticore simulacra
  16 wights
  A howler monkey (D:6)
  3 electric eels
  A bullfrog zombie (D:8)
  4 draconian simulacra (IceCv)
  6 lava snakes (Volcano)
  30 orc priests
  Crazy Yiuf (D:5)
  7 centaur skeletons
  9 hounds
  4 jellies
  5 bullfrog skeletons
  23 orc wizards
  A demonspawn zombie (Crypt:1)
  10 iguanas
  A polar bear simulacrum (IceCv)
  5 troll simulacra
  9 worker ants
  A spriggan simulacrum (IceCv)
  A sky beast zombie (Crypt:1)
  A wolf simulacrum (IceCv)
  6 ogre zombies (D:12)
  A deep dwarf zombie (Crypt:2)
  A centaur simulacrum (IceCv)
  3 mummies (Crypt:1)
  Robin (D:2)
  A howler monkey zombie (D:5)
  8 gnolls
  An ogre simulacrum (Crypt:1)
  12 adders
  A shadow imp (D:6)
  7 white imps
  6 ufetubi
  An ooze (D:2)
  An adder zombie (D:9)
  An adder skeleton (D:5)
  3 worms
  2 dart slugs
  4 leopard geckos
  88 orcs
  A giant cockroach (D:6)
  A gnoll zombie (Crypt:2)
  17 goblins
  9 hobgoblins
  15 jackals
  22 kobolds
  3 quokkas
  2 ball pythons
  6 bats
  9 frilled lizards
  A giant cockroach zombie (D:6)
  A goblin skeleton (D:12)
  5 goblin zombies (D:12)
  3 hobgoblin zombies (D:12)
  A kobold simulacrum (Crypt:1)
  A kobold zombie (Crypt:1)
  A leopard gecko skeleton (D:7)
  A leopard gecko zombie (D:7)
  An orc skeleton (Crypt:2)
  10 orc zombies (D:12)
  A quokka skeleton (D:5)
  A quokka zombie (Crypt:1)
  4 rats
  A river rat skeleton (Crypt:2)
  A crawling corpse (Elf:3)
  A tentacle (Shoals:2)
1864 creatures vanquished.

Vanquished Creatures (collateral kills)
  A yaktaur captain (Vaults:4)
  Erolcha (D:13)
  A dancing weapon (Elf:2)
  A death yak (Shoals:4)
  A tengu warrior (D:13)
  A sea snake (Shoals:4)
  An ironbrand convoker (Vaults:2)
  3 harpies (Vaults:2)
  A deep elf mage (Elf:2)
  A manticore (Shoals:4)
  A cyclops (Orc:2)
  A cane toad (Lair:1)
  A yaktaur (Vaults:4)
  A freezing wraith (Vaults:2)
  2 merfolk (Shoals:4)
  3 yaks (Lair:1)
  An orc warrior (Vaults:4)
  2 ogres (Orc:2)
  A centaur (D:13)
  A howler monkey (D:13)
26 creatures vanquished.

Vanquished Creatures (others)
  A naga warrior (Snake:4)
  A naga sharpshooter (Snake:4)
  A deep elf archer (Elf:3)
  A guardian serpent (Snake:3)
  A salamander (Snake:3)
  A queen bee (shapeshifter) (Elf:2)
  4 nagas (Snake:4)
  A hell hound (Orc:2)
  An ogre (D:10)
  An orc warrior (Elf:2)
  An iguana (Lair:6)
  An orc wizard (Orc:1)
  An orc (D:10)
  53 fungi
  262 plants
  8 tentacles (Shoals:2)
  2 withered plants (Shoals:4)
341 creatures vanquished.

Grand Total: 2231 creatures vanquished

Notes
Turn   | Place    | Note
-------+----------+-------------------------------------------
     0 | D:1      | Morbidden the Draconian Brigand began the quest for the
                  | Orb.
     0 | D:1      | Reached XP level 1. HP: 17/17 MP: 1/1
   267 | D:1      | Reached XP level 2. HP: 25/25 MP: 2/2
  1151 | D:2      | Reached skill level 1 in Spellcasting
  1252 | D:2      | Reached XP level 3. HP: 28/30 MP: 4/4
  1390 | D:2      | Noticed Robin
  1421 | D:2      | Reached skill level 1 in Dodging
  1489 | D:2      | Killed Robin
  1691 | D:2      | Reached XP level 4. HP: 34/38 MP: 5/5
  2437 | D:3      | Reached XP level 5. HP: 45/45 MP: 7/7
  3126 | D:4      | Found the +1 cloak of Starlight {rElec rC+ EV+4 Stlth--}
  3161 | D:4      | Noticed a phantom
  3215 | D:4      | Killed a phantom
  3216 | D:4      | Reached XP level 6. HP: 34/51 MP: 9/9
  3695 | D:4      | Found a broken altar of Ashenzari.
  3698 | D:4      | Noticed Eustachio
  3801 | D:4      | Killed Eustachio
  3802 | D:4      | Reached skill level 1 in Shields
  4443 | D:4      | Your scales start taking on a fiery red colour.
  4443 | D:4      | Reached XP level 7. HP: 32/58 MP: 11/11
  4443 | D:4      | Gained mutation: Your flesh is heat resistant. (rF+) [Red
                  | Draconian growth]
  4620 | D:4      | Noticed Grinder
  4716 | D:4      | Killed Grinder
  4744 | D:4      | Found a stormy altar of Qazlal.
  4758 | D:4      | Became a worshipper of Qazlal Stormbringer
  4857 | D:5      | Entered Level 5 of the Dungeon
  5516 | D:5      | Found a staircase to the Ecumenical Temple.
  5527 | D:5      | Reached XP level 8. HP: 66/67 MP: 13/13
  5566 | D:5      | Found a sacrificial altar of Ru.
  5574 | D:5      | Found a glowing golden altar of the Shining One.
  5607 | D:5      | Noticed Pikel
  5615 | D:5      | Killed Pikel
  5616 | D:5      | Reached skill level 5 in Fighting
  5806 | D:5      | Found a glowing silver altar of Zin.
  6064 | D:5      | Found a runed translucent door.
  6065 | D:5      | Noticed Crazy Yiuf
  6227 | D:5      | Killed Crazy Yiuf
  6305 | D:6      | Reached skill level 5 in Short Blades
  6305 | D:6      | Reached XP level 9. HP: 73/75 MP: 15/15
  6368 | D:6      | Reached * piety under Qazlal
  6510 | D:6      | Noticed Maggie
  6516 | D:6      | Killed Maggie
  6685 | D:6      | Found a blossoming altar of Fedhas.
  7511 | D:7      | Reached skill level 1 in Unarmed Combat
  7543 | D:7      | Found a bloodstained altar of Trog.
  7545 | D:7      | Found a hazy altar of Hepliaklqana.
  7545 | D:7      | Found a burning altar of Makhleb.
  7559 | D:7      | Found a hide-covered altar of Uskayaw.
  7562 | D:7      | Found a white marble altar of Elyvilon.
  7891 | D:7      | Reached skill level 2 in Unarmed Combat
  7899 | D:7      | Reached skill level 5 in Spellcasting
  7903 | D:7      | Reached skill level 5 in Dodging
  8175 | D:7      | Reached ** piety under Qazlal
  8759 | D:8      | Reached XP level 10. HP: 81/84 MP: 18/18
  8798 | D:8      | Reached skill level 3 in Unarmed Combat
  8985 | D:8      | Found a shimmering blue altar of Sif Muna.
  8985 | D:8      | Found an ancient bone altar of Kikubaaqudgha.
  9064 | D:8      | Noticed a two-headed ogre
  9080 | D:8      | Killed a two-headed ogre
  9081 | D:8      | Reached skill level 5 in Throwing
  9081 | D:8      | Reached skill level 5 in Invocations
  9382 | D:8      | Found a shadowy altar of Dithmenos.
  9713 | D:9      | Reached skill level 4 in Unarmed Combat
  9755 | D:9      | Reached *** piety under Qazlal
 10330 | D:9      | Learned a level 4 spell: Petrify
 10419 | D:9      | Noticed Maurice
 10619 | D:9      | Killed Maurice
 10620 | D:9      | Reached skill level 5 in Unarmed Combat
 11078 | D:10     | Entered Level 10 of the Dungeon
 11100 | D:9      | Reached skill level 1 in Transmutations
 11213 | D:10     | Found a transporter.
 11213 | D:10     | Found a transporter.
 11219 | D:10     | Noticed a two-headed ogre
 11221 | D:10     | Noticed an ogre mage
 11256 | D:10     | Reached **** piety under Qazlal
 11318 | D:10     | Reached XP level 11. HP: 93/93 MP: 20/20
 11588 | D:10     | Noticed Urug
 11600 | D:10     | Killed Urug
 12351 | D:10     | Identified the +11 battleaxe "Laoh" {venom, +Fly rElec}
 12352 | D:10     | Found a roughly hewn altar of Beogh.
 12643 | D:10     | Found a staircase to the Lair.
 13510 | D:11     | Found Baoqunn's Jewellery Shop.
 13518 | D:11     | Bought a +4 ring of protection for 432 gold pieces
 13526 | D:11     | Noticed a purple ugly thing
 13545 | D:11     | Killed a purple ugly thing
 13546 | D:11     | Reached skill level 5 in Shields
 13546 | D:11     | Reached skill level 6 in Unarmed Combat
 13665 | D:11     | Killed an unseen horror
 14030 | D:11     | Noticed a four-headed hydra
 14038 | D:11     | Killed a four-headed hydra
 14178 | D:12     | Noticed a two-headed ogre
 14179 | D:12     | Noticed a six-headed hydra
 15181 | D:12     | Reached ***** piety under Qazlal
 15223 | D:12     | Found a staircase to the Orcish Mines.
 15311 | D:12     | Reached XP level 12. HP: 99/103 MP: 22/22
 15610 | D:12     | Killed a six-headed hydra
 15642 | D:12     | Killed a two-headed ogre
 15790 | D:12     | Found a bloodstained altar of Trog.
 15841 | D:13     | Noticed a tengu warrior
 15863 | D:12     | Reached skill level 7 in Unarmed Combat
 16068 | D:13     | Noticed a centaur warrior
 16074 | D:13     | Killed a centaur warrior
 16081 | D:13     | Noticed a boulder beetle
 16082 | D:13     | Noticed Erolcha
 16145 | Lair:1   | Entered Level 1 of the Lair of Beasts
 17054 | Lair:1   | Identified a scroll of acquirement
 17055 | Lair:1   | Acquired a manual of Fighting
 17253 | Lair:2   | Noticed a five-headed hydra
 17256 | Lair:2   | Noticed a four-headed hydra
 17274 | Lair:2   | Killed a four-headed hydra
 17278 | Lair:2   | Killed a five-headed hydra
 17279 | Lair:2   | Reached skill level 8 in Unarmed Combat
 17327 | Lair:2   | Reached XP level 13. HP: 107/111 MP: 24/24
 17486 | Lair:2   | Reached skill level 5 in Transmutations
 18610 | Lair:3   | Reached skill level 10 in Fighting
 19127 | Lair:3   | Reached skill level 9 in Unarmed Combat
 19341 | Lair:3   | Found a radiant altar of Vehumet.
 19841 | Lair:4   | Reached skill level 10 in Shields
 20220 | Lair:4   | Found a staircase to the Shoals.
 20500 | Lair:4   | Found a staircase to the Snake Pit.
 20511 | Lair:4   | Reached XP level 14. HP: 117/122 MP: 25/25
 20912 | Shoals:1 | Entered Level 1 of the Shoals
 22113 | Lair:5   | Reached ****** piety under Qazlal
 22151 | Lair:5   | Reached skill level 10 in Unarmed Combat
 22861 | Lair:6   | Entered Level 6 of the Lair of Beasts
 22930 | Lair:6   | Found a dark tunnel.
 22939 | Volcano  | Entered a volcano
 23377 | Volcano  | Found a burning altar of Makhleb.
 23449 | Volcano  | Got a pair of steaming boots
 23455 | Volcano  | Identified the +1 pair of boots "Onkaup Womeu" {rC+} (You
                  | found it in a volcano)
 24189 | Lair:6   | Reached skill level 10 in Dodging
 24446 | Lair:6   | Reached skill level 11 in Unarmed Combat
 24694 | Lair:6   | Reached XP level 15. HP: 94/132 MP: 27/27
 25765 | Lair:6   | Found a viscous altar of Jiyva.
 25766 | Lair:6   | Found a staircase to the Slime Pits.
 25864 | Lair:6   | Reached skill level 5 in Stealth
 26908 | D:13     | Killed Erolcha
 26995 | D:13     | Found a gate to the Vaults.
 27555 | D:13     | Found a stormy altar of Qazlal.
 27753 | D:14     | Found a basalt altar of Yredelemnul.
 27755 | D:14     | Noticed Kirke
 28155 | D:14     | Reached skill level 12 in Unarmed Combat
 28173 | D:14     | Reached skill level 10 in Invocations
 28260 | D:14     | Noticed Snorg
 28607 | D:13     | Killed Kirke
 28680 | D:14     | Killed Snorg
 28707 | D:14     | Found a blossoming altar of Fedhas.
 28947 | D:15     | Entered Level 15 of the Dungeon
 29057 | D:15     | Noticed Jorgrun
 29072 | D:15     | Killed Jorgrun
 29925 | D:15     | Reached XP level 16. HP: 121/141 MP: 29/29
 30007 | D:15     | Paralysed by an orc sorcerer for 7 turns
 30571 | D:15     | Found a staircase to the Depths.
 30764 | D:15     | Found a white marble altar of Elyvilon.
 30931 | Orc:1    | Entered Level 1 of the Orcish Mines
 31246 | Orc:1    | Found Xoedgheuck's General Store.
 31488 | Orc:1    | Noticed confidenceinterval's ghost (journeyman GnHu)
 31557 | Orc:1    | Found a transporter.
 31558 | Orc:1    | Found a transporter.
 31932 | Orc:2    | Entered Level 2 of the Orcish Mines
 31934 | Orc:2    | Noticed Azrael
 32239 | Orc:2    | Reached skill level 13 in Unarmed Combat
 32460 | Orc:2    | Killed Azrael
 32875 | Orc:2    | Found Kaol's Jewellery Boutique.
 32915 | Orc:2    | Found Qaalichi's General Store.
 32939 | Orc:2    | Found a staircase to the Elven Halls.
 32941 | Orc:2    | Found Emogiceh's Distillery.
 32942 | Orc:2    | Found Qevuud's Gadget Boutique.
 33438 | Snake:1  | Entered Level 1 of the Snake Pit
 33824 | Snake:1  | Noticed Agnes
 33838 | Snake:1  | Killed Agnes
 34191 | Snake:1  | Identified Roxanne's Collected Works on Transmutation
 34191 | Snake:1  | Noticed Roxanne
 34240 | Snake:1  | Killed Roxanne
 34253 | Snake:1  | Learned a level 6 spell: Statue Form
 34513 | Snake:1  | Noticed Louise
 34521 | Snake:1  | Cast into level 2 of the Abyss (Louise)
 34593 | Snake:1  | Escaped the Abyss
 34609 | Snake:1  | Killed Louise
 34642 | Snake:1  | Reached skill level 1 in Earth Magic
 35228 | Snake:2  | Reached skill level 1 in Evocations
 35255 | Snake:2  | Reached skill level 10 in Spellcasting
 35297 | Snake:2  | Reached XP level 17. HP: 44/152 MP: 23/31
 35589 | Snake:2  | Noticed Vashnia
 36162 | Snake:2  | Killed Vashnia
 36335 | Snake:2  | Reached skill level 14 in Unarmed Combat
 37435 | Snake:3  | Noticed Donald
 38012 | Snake:3  | Killed Donald
 38661 | Snake:3  | Found a transporter.
 38661 | Snake:3  | Found a transporter.
 38687 | Snake:3  | Noticed Aizul
 38718 | Snake:3  | Killed Aizul
 40543 | Snake:4  | Entered Level 4 of the Snake Pit
 41728 | Snake:4  | Reached XP level 18. HP: 88/162 MP: 32/32
 41744 | Snake:4  | Reached skill level 15 in Fighting
 42314 | Snake:4  | Reached skill level 15 in Unarmed Combat
 42772 | Snake:4  | Got a serpentine rune of Zot
 43444 | Vaults:1 | Entered Level 1 of the Vaults
 45230 | Vaults:1 | Reached skill level 10 in Transmutations
 45351 | Vaults:1 | Found a shimmering altar of Xom.
 45973 | Vaults:1 | Reached skill level 5 in Earth Magic
 46083 | Vaults:2 | Found Hathirr's Weapon Emporium.
 46138 | Vaults:2 | Paralysed by a great orb of eyes for 2 turns
 46481 | Vaults:2 | Reached XP level 19. HP: 49/170 MP: 26/34
 46929 | Vaults:2 | Found a roughly hewn altar of Beogh.
 47121 | Vaults:2 | Found a large runed translucent door.
 47121 | Vaults:2 | Found a large runed translucent door.
 47121 | Vaults:2 | Found a large runed translucent door.
 47121 | Vaults:2 | Found a large runed translucent door.
 47121 | Vaults:2 | Noticed Acleikk's ghost (adept GrEE)
 47148 | Vaults:2 | Found Cunagal's Jewellery Shoppe.
 47283 | Vaults:2 | Bought the brooch of Shielding {Spirit SH+8} for 950 gold
                  | pieces
 47283 | Vaults:2 | Found the brooch of Shielding {Spirit SH+8}
 47385 | Vaults:2 | Found a large runed translucent door.
 47385 | Vaults:2 | Found a large runed translucent door.
 47385 | Vaults:2 | Found a large runed translucent door.
 47385 | Vaults:2 | Found a large runed translucent door.
 47983 | Vaults:3 | Identified the ring "Ushugaurri" {rC+ Int+7} (You found it
                  | on level 3 of the Vaults)
 48115 | Vaults:3 | Found a staircase to the Crypt.
 48115 | Vaults:3 | Found an ancient bone altar of Kikubaaqudgha.
 48116 | Vaults:3 | Found a basalt altar of Yredelemnul.
 48653 | Vaults:3 | Paralysed by an ogre mage for 2 turns
 50211 | Vaults:4 | Reached skill level 16 in Unarmed Combat
 51281 | Vaults:4 | Reached XP level 20. HP: 89/180 MP: 19/35
 52315 | Vaults:4 | Reached skill level 15 in Shields
 53187 | D:10     | Acquired a manual of Transmutations
 54864 | Shoals:2 | Identified the +3 arbalest "Taabuid" {elec, rElec rF+ Str+5
                  | Dex-4}
 55205 | Shoals:2 | Noticed Frances
 55229 | Shoals:2 | Killed Frances
 55552 | Shoals:2 | Found Horiet Wodoa's Magic Scroll Emporium.
 55728 | Shoals:2 | Bought a scroll of acquirement for 884 gold pieces
 55728 | Shoals:2 | Acquired Westuum's Volume of Transmigration
 55738 | Shoals:2 | Learned a level 7 spell: Dragon Form
 57577 | Shoals:4 | Entered Level 4 of the Shoals
 57578 | Shoals:4 | Noticed Polyphemus
 58435 | Elf:1    | Entered Level 1 of the Elven Halls
 58540 | Elf:1    | Found a frozen archway.
 58551 | IceCv    | Entered an ice cave
 58934 | IceCv    | Reached XP level 21. HP: 174/189 MP: 33/37
 59065 | IceCv    | Identified the cursed +0 pair of gloves of Nuocih {rF-
                  | Dex+5} (You found it in an ice cave)
 59389 | Elf:1    | Noticed Asterion
 59398 | Elf:1    | Killed Asterion
 59497 | Elf:1    | Found Tekhleam's General Store.
 59497 | Elf:1    | Found Muaseti's Assorted Antiques.
 59526 | Elf:1    | Found Neutuv's Jewellery Emporium.
 59532 | Elf:1    | Found a transporter.
 59535 | Elf:1    | Found Dogipn's Distillery.
 59628 | Elf:1    | Found Diwuys's Weapon Boutique.
 59701 | Elf:1    | Found a transporter.
 59706 | Elf:1    | Noticed Eheximeo's ghost (adept GnBe)
 60189 | Elf:2    | Found a runed translucent gate.
 60189 | Elf:2    | Found a runed translucent gate.
 60190 | Elf:2    | Found a runed translucent gate.
 60359 | Elf:2    | Reached skill level 17 in Unarmed Combat
 60703 | Elf:2    | Found a roughly hewn altar of Beogh.
 60821 | Elf:2    | Found Onadymeixe's Book Shop.
 61034 | Elf:3    | Entered Level 3 of the Elven Halls
 61182 | Elf:2    | Gained mutation: Your body sometimes deteriorates upon
                  | taking damage. [mutagenic glow]
 61787 | Elf:3    | Identified the +5 storm dragon scales "Owuywutt" {Harm
                  | rElec Regen+ Slay+4}
 61787 | Elf:3    | Identified the ring "Illauth" {Ice Int+2}
 62688 | Elf:3    | Identified the Volume of Displacement and the Entourage
 62832 | Elf:3    | Identified the Catalogue of Scorching Flight
 62844 | Elf:3    | Identified the Collected Works on Earthen Intoxication
 63201 | Elf:3    | Reached XP level 22. HP: 199/199 MP: 33/39
 63423 | Elf:3    | Upgraded the game from 0.26-a0-1020-ge47f559bc5 to
                  | 0.26-a0-1025-g006ef2cfcc
 63750 | Crypt:1  | Entered Level 1 of the Crypt
 64033 | Crypt:1  | Noticed Jory
 64045 | Crypt:1  | Killed Jory
 64239 | Crypt:1  | Noticed Frederick
 64245 | Crypt:1  | Noticed Khufu
 64247 | Crypt:1  | Killed Frederick
 65507 | Crypt:1  | Killed Khufu
 66864 | Crypt:1  | Reached skill level 18 in Unarmed Combat
 67588 | Crypt:2  | Paralysed by something for 3 turns
 67589 | Crypt:2  | Slain by a vampire knight

Illustrated notes

Levels and vault maps discovered:
D:1:      scummos_arrival_checkerplants, layout_basic
D:2:      layout_rooms, uniq_robin
D:3:      layout_loops_cross
D:4:      layout_basic, nicolae_overflow_crystal_walls, marbit_many_paths,
          uniq_eustachio, uniq_grinder
D:5:      layout_loops_corners, kennysheep_little_box, zin_academy,
          minmay_temple_entry_purple_smoke, nicolae_ru_awakened_eye,
          uniq_crazy_yiuf_cottage, uniq_pikel
D:6:      layout_rooms, nicolae_overflow_hidden_temple, eino_tiny_chamber,
          kennysheep_small_spiral, uniq_maggie
D:7:      layout_rooms, minmay_overflow_temple_star_hex
D:8:      layout_loops_ring, nicolae_dithmenos_through_a_glass_darkly,
          gammafunk_temple_overflow_elements, grunt_ministairs_8,
          blue_anna_alchemist [blue_anna_fruit_fields, blue_anna_fruit_fields]
D:9:      layout_loops_ring, uniq_maurice
D:10:     gammafunk_beogh_shrine, layout_irregular_city, lair_entry_dummy,
          uniq_urug
D:11:     layout_stronghold, minmay_shop_enchanted_jewellery
D:12:     layout_loops_ring, zombieorc1_lemuel, minmay_misc_feat_diagonals,
          drop_trap, david_defended_altar_elf
D:13:     layout_small_grid, erik_vaults_1, basic_altar,
          nrook_guardian_serpent_double, uniq_erolcha
D:14:     layout_big_octagon, lemuel_crystal_altar,
          fedhas_bush_and_centaur_altar, uniq_snorg, uniq_kirke
D:15:     grunt_enter_depths_magical_seal, layout_basic, serial_park_square2,
          corexii_leaking_fountain, chequers_decorated_corner, nrook_campfire,
          elyvilon_altar_3, uniq_jorgrun
Lair:1:   layout_gridlike, chequers_serial_rivers_large_a, beast_lair_carwin_11
Lair:2:   layout_long_grid, grunt_megastairs_4, minmay_lair_oklob_chamber
Lair:3:   layout_misc_corridors, basic_altar, wad_woods_river_03, minivault_23,
          beast_lair_carwin_10, infiniplex_staircase_pool
Lair:4:   layout_gridlike, elwin_shoals_entry_rocks, guppyfry_snake_entry_garden
Lair:5:   layout_loops_ring, serial_bayou_shore_a
Lair:6:   hangedman_lair_in_review, layout_long_grid, guppyfry_lair_end_dragon,
          dpeg_slime_entry_enclosed_altar, nicolae_volcano_entry_batcave,
          kilobyte_rumbling_trees
Shoals:1: layout_shoals
Shoals:2: layout_shoals, serial_shops, shop, st_shoals_ruin, uniq_frances
Shoals:3: layout_shoals, nicolae_shoals_water_elemental_grotto
Shoals:4: shoals_end_simple, layout_shoals, gammafunk_ghost_grave,
          lightli_airlock, uniq_polyphemus
Snake:1:  layout_gridlike, grunt_ministairs_11, uniq_roxanne, uniq_agnes,
          uniq_louise
Snake:2:  layout_misc_corridors, nicolae_coiled_stairwell_up, uniq_vashnia
Snake:3:  gammafunk_sealed_arena, layout_cave_pods, serial_bayou_crossing,
          uniq_aizul, uniq_donald
Snake:4:  minmay_snake_end_coiled, layout_misc_corridors, drop_trap,
          grunt_ministairs_3, abandoned_shop
Orc:1:    nicolae_orc_accident_1, layout_caves, serial_shops, shop,
          gammafunk_ghost_arena
Orc:2:    st_orc_open, layout_caves, uniq_azrael
Elf:1:    eino_elf_arrival_customs, layout_loops_cross, serial_shops, shop,
          nicolae_shop_stone, shop, shop, shop,
          gammafunk_ghost_berserking_beasts,
          portal_ice_cave_entry_ice_statue_two, hangedman_elf_disciples,
          uniq_asterion
Elf:2:    layout_rooms, special_room [special_room_orc], serial_shops,
          nicolae_shop_statue_plus
Elf:3:    minmay_elf_hall_statues, layout_loops_corners,
          serial_co_window_serial, co_window_paths_a, co_window_cross_1,
          co_window_corner_a, co_window_corner_a, co_window_paths_a,
          co_window_broadway_b, co_window_2corner, co_window_of_opportunity_b,
          serial_sigils_hangedman_shear
Vaults:1: hangedman_vaults_restitches, v_misc_5, vaults_standard_mumra_x,
          nicolae_vaults_what_the_h, nicolae_vaults_border_crossing,
          ontoclasm_vaults_eye, ontoclasm_vaults_gateway, vaults_room_pool,
          st_cells, vaults_dpeg_encased_lava, layout_vaults_omnigrid,
          basic_altar
Vaults:2: advil_vaults_ghost_lines, nicolae_vaults_ninety_degrees,
          hangedman_vaults_slice, vaults_dpeg_spiral, v_misc_30,
          nicolae_vaults_stairing_the_circle, hangedman_vaults_stagger,
          nicolae_vaults_ring_of_whatevers, special_room_vaults
          [special_room_orc], v_alt_pattern_6, ontoclasm_vaults_loading_screen,
          layout_vaults_chaotic_city, serial_shops, nicolae_shop_trees,
          nicolae_shop_stone
Vaults:3: vaults_room_boxed, minmay_crypt_entry_necro_gods, v_rooms_6,
          grunt_vaults_swirl, vaults_room_door_ring, v_alt_pattern_6,
          ontoclasm_vaults_ligature, vaults_room_grunt_arrival_checkpoint,
          ontoclasm_vaults_spin, grunt_vaults_hallway_short,
          ontoclasm_vaults_water_temple, v_misc_13, v_alt_pattern_4,
          vaults_mumra_lcd, nicolae_vaults_little_ls, layout_vaults_maze_snakey,
          uniq_margery
Vaults:4: vaults_standard_mumra_lines, nicolae_vaults_windows_and_doors_thing,
          hangedman_vaults_snaps, nicolae_vaults_network_barrier,
          v_alt_pattern_6, vaults_room_hallway, v_misc_15,
          ontoclasm_vaults_ring_large, v_alt_pattern_6, vaults_dpeg_hooks,
          layout_vaults_omnicross
Crypt:1:  layout_gridlike, minivault_24, st_chilly_death, uniq_frederick,
          uniq_jory, uniq_khufu
Crypt:2:  layout_gridlike, special_room [special_room_morgue]

Skill      XL: |  1  2  3  4  5  6  7  8  9 10 11 12 13 14 15 16 17 18 19 20 21 22 |
---------------+-------------------------------------------------------------------+-----
Spellcasting   | 1 2 3 4 5 6 7 8 9 10 11 12 13 | 13.5
Stealth        | 4 5 |  5.2
Dodging        | 1 2 3 4 5 6 7 8 9 10 11 12 13 14 | 14.5
Throwing       | 2 3 4 5 6 |  6.9
Fighting       | 3 4 5 6 7 8 9 10 11 12 14 15 16 17 | 17.5
Short Blades   | 3 4 5 |  5.4
Shields        | 1 2 3 6 8 10 11 12 13 14 15 16 | 16.5
Invocations    | 3 4 5 6 7 8 9 10 11 12 13 14 | 14.7
Unarmed Combat | 2 5 6 8 9 11 12 13 14 15 16 17 18 | 18.0
Transmutations | 1 3 4 6 7 8 9 10 11 12 13 14 | 14.6
Earth Magic    | 1 3 5 6 7 |  7.7
Evocations     | 1 |  1.8

Action                   |  1- 3 |  4- 6 |  7- 9 | 10-12 | 13-15 | 16-18 | 19-21 | 22-24 || total
-------------------------+-------+-------+-------+-------+-------+-------+-------+-------++-------
Melee: Dagger            |    78 |   222 |   172 |       |       |       |       |       ||   472
       Tailslap          |     7 |    23 |    69 |   122 |   232 |   288 |   402 |    73 ||  1216
       Unarmed           |       |       |   292 |   764 |  1370 |  1841 |  2422 |   331 ||  7020
       Punch             |       |       |     4 |     3 |       |       |    21 |    33 ||    61
       Bite              |       |       |       |       |       |       |    14 |    38 ||    52
Throw: Dart              |    21 |    22 |    23 |   112 |    56 |       |       |       ||   234
       Javelin           |       |    36 |    28 |    29 |    11 |    48 |    10 |     7 ||   169
       Boomerang         |       |       |       |       |       |    71 |    86 |       ||   157
 Cast: Petrify           |       |       |       |       |       |       |     4 |       ||     4
       Dragon Form       |       |       |       |       |       |       |    15 |    18 ||    33
       Statue Form       |       |       |       |       |       |       |       |     3 ||     3
Invok: Elemental Force   |       |       |       |     1 |     1 |     2 |     6 |       ||    10
       Upheaval          |       |       |       |       |     4 |     9 |     4 |       ||    17
       Disaster Area     |       |       |       |       |     1 |     4 |     3 |       ||     8
 Abil: Breathe Fire      |       |       |    26 |    32 |    38 |    30 |    40 |     4 ||   170
Evoke: Wand              |       |       |     2 |     3 |     5 |    19 |     6 |       ||    35
       Condenser vane    |       |       |       |       |       |     6 |     5 |       ||    11
       Box of beasts     |       |       |       |       |       |       |     1 |       ||     1
  Use: Scroll            |       |     3 |     4 |     6 |    15 |    23 |    25 |     5 ||    81
       Potion            |       |       |       |       |     2 |     8 |       |       ||    10
 Stab: Sleeping          |     6 |     5 |       |       |       |       |       |       ||    11
       Distracted        |       |     1 |       |       |       |       |       |       ||     1
       Petrified         |       |       |       |       |     6 |       |     7 |       ||    13
       Petrifying        |       |       |       |       |     2 |       |     1 |       ||     3
       Paralysed         |       |       |       |       |       |     2 |       |       ||     2
       Confused          |       |       |       |       |       |       |     3 |       ||     3
Armor: Skin              |    17 |    60 |    77 |   111 |   198 |   206 |   265 |   224 ||  1158
Dodge: Dodged            |    33 |   191 |   304 |   324 |   513 |   621 |   769 |   211 ||  2966
       Repelled          |       |       |       |     2 |    16 |    49 |    21 |     2 ||    90
Block: Other             |       |    49 |   114 |   144 |       |       |    84 |   290 ||   681
       Reflection        |       |       |     7 |    11 |    68 |   311 |     2 |       ||   399
       Tower shield      |       |       |       |   478 |  1955 |  2634 |  3062 |       ||  8129

Table legend: (Time is in decaauts)
 A = Elapsed time spent in this place.
 B = Non-inter-level travel time spent in this place.
 C = Inter-level travel time spent in this place.
 D = Time resting spent in this place.
 E = Time spent auto-exploring this place.
 F = Levels seen in this place.
 G = Mean time per level.
                   A        B        C        D        E       F      G
               +--------+--------+--------+--------+--------+-----+--------+
         Total |  67080 |  63022 |   4058 |  14408 |  34703 |  43 | 1560.0 |
       Dungeon |  21734 |  20122 |   1612 |   4938 |  11036 |  15 | 1448.9 |
          Lair |  10113 |   9485 |    628 |   1390 |   6335 |   6 | 1685.5 |
        Shoals |   4670 |   4347 |    323 |    732 |   2384 |   4 | 1167.5 |
     Snake Pit |   9588 |   9274 |    314 |   4178 |   3099 |   4 | 2397.0 |
  Orcish Mines |   2198 |   2000 |    198 |    207 |   1309 |   2 | 1099.0 |
   Elven Halls |   4273 |   4071 |    202 |    314 |   2679 |   3 | 1424.3 |
        Vaults |  10362 |   9633 |    729 |   1823 |   5813 |   4 | 2590.5 |
         Crypt |   2735 |   2686 |     49 |    451 |   1552 |   2 | 1367.5 |
         Abyss |     70 |     70 |      0 |      0 |     25 |   1 |   70.0 |
      Ice Cave |    702 |    702 |      0 |    214 |    244 |   1 |  702.0 |
       Volcano |    630 |    630 |      0 |    160 |    224 |   1 |  630.0 |
               +--------+--------+--------+--------+--------+-----+--------+

Top non-repeatable levels by time:
Vaults:3: 3958 daAuts
 Snake:2: 3091 daAuts
  Lair:6: 2948 daAuts
 Snake:3: 2897 daAuts
Vaults:4: 2322 daAuts
 Crypt:1: 2307 daAuts
Vaults:1: 2266 daAuts
    D:13: 2240 daAuts
    D:11: 2194 daAuts
  Lair:4: 2182 daAuts
   Elf:3: 1966 daAuts
Shoals:2: 1887 daAuts
     D:4: 1880 daAuts
     D:9: 1873 daAuts
 Snake:4: 1868 daAuts
